 Dungeon Crawl Stone Soup version 0.27.0 (webtiles) character file.

Game seed: 8274101841221011796

13 shoop the Magician (level 2, -1/21 HPs)
             Began as a Djinni Venom Mage on July 31, 2021.
             Was a Follower of Zin.
             Slain by Sigmund (3 damage)
             ... on level 2 of the Dungeon.
             The game lasted 00:01:56 (837 turns).

shoop the Magician (Djinni Venom Mage)               Turns: 837, Time: 00:01:56

Health: -1/21      AC:  2    Str:  7    XL:     2   Next: 50%
Gold:   54         EV: 12    Int: 16    God:    Zin [*.....] SH:  0 Dex: 13

rFire    + + .     SeeInvis .   b - +0 trident
rCold    x . .     Faith    .   (no shield)
rNeg     . . .     Spirit   .   a - +0 robe
rPois    ∞         Reflect  .   (no helmet)
rElec    .         Harm     .   (no cloak)
rCorr    .         Rampage  .   (no gloves)
Will     .....                  (boots unavailable)
Stlth    +.........             (no amulet)
HPRegen  0.07/turn              (no ring)
MPRegen  0.00/turn              (no ring)

@: confused, flying, hasted, very quick
A: sickness immunity, fire resistance 2, cold vulnerability 1, float, innate
caster, hp casting, extra vitality 1
a: Renounce Religion, Recite, Donate Gold


You were on level 2 of the Dungeon.
You worshipped Zin.
Zin was aware of your devotion.
You visited 1 branch of the dungeon, and saw 2 of its levels.

You collected 59 gold pieces.
You donated 5 gold pieces to Zin.

Inventory:

Hand Weapons
 b - a +0 trident (weapon)
Armour
 a - a +0 robe (worn)
Scrolls
 c - a scroll of magic mapping {unknown}
 d - a scroll of teleportation {unknown}
 g - a scroll of identify {unknown}
Potions
 e - a potion of flight {unknown}
 f - a potion of haste


   Skills:
 - Level 2.1 Dodging
 - Level 1.5 Stealth
 * Level 3.0 Spellcasting
 + Level 0.0 Invocations


You couldn't memorise any spells.
You knew the following spells:

 Your Spells              Type           Power      Damage    Failure   Level
a - Sting                 Tmut/Pois      48%        1d5       5%          1
b - Poisonous Vapours     Pois/Air       24%        N/A       9%          2
c - Mephitic Cloud        Conj/Pois/Air  12%        N/A       16%         3
d - Olgreb's Toxic Radia  Pois           12%        N/A       47%         4
Your spell library was empty.

Dungeon Overview and Level Annotations

Branches:
Dungeon (2/15)

Altars:
Zin

Annotations:
D:2 Sigmund


Innate Abilities, Weirdness & Mutations

You are immune to sickness and miasma.
You are immune to poison.
Your flesh is very heat resistant. (rF++)
You are vulnerable to cold. (rC-)
You float through the air rather than walking.
You learn spells naturally, not from books.
Your magical power is your life essence.
You have superior vitality. (+4 HP)


Message History

You hear an angry hiss.
Casting: Poisonous Vapours (safe; 9% risk of failure)
Confirm with . or Enter, or press ? or * to list all spells.
Aiming: Poisonous Vapours (safe; 9% risk of failure)
Press: ? - help, Dir - move target, f/p - Sigmund
Aim: Sigmund, wielding a +0 scythe and wearing a +0 robe (lightly wounded, very poisoned) Poisonous vapours surround Sigmund!
Sigmund looks even sicker.
Casting: Poisonous Vapours (safe; 9% risk of failure)
Confirm with . or Enter, or press ? or * to list all spells.
Aiming: Poisonous Vapours (safe; 9% risk of failure)
Press: ? - help, Dir - move target, f/p - Sigmund
Aim: Sigmund, wielding a +0 scythe and wearing a +0 robe (lightly wounded, very poisoned) Poisonous vapours surround Sigmund!
Sigmund looks as sick as possible!
A goblin comes into view. It is wielding a +0 dagger.
You are ready to recite again.
There is an escape hatch in the ceiling here.
Casting: Poisonous Vapours (safe; 9% risk of failure)
Confirm with . or Enter, or press ? or * to list all spells.
Okay, then.
Unknown command.
Casting: Poisonous Vapours (safe; 9% risk of failure)
Confirm with . or Enter, or press ? or * to list all spells.
You aren't experienced enough to cast this spell.
The goblin hits you but does no damage. Sigmund gestures at you while chanting.
You are confused.
You're too confused to cast spells.
Okay, then.
You bump into the rock wall.
The goblin barely misses you. Sigmund hits you but does no damage.
You miss the goblin. The goblin closely misses you.
Sigmund hits you from afar with a +0 scythe!
Ouch! That really hurt!
* * * LOW HITPOINT WARNING * * *
The goblin barely misses you. Sigmund closely misses you.
Unknown command.
It was a potion of haste.
You feel yourself speed up. The goblin closely misses you.
Sigmund hits you from afar with a +0 scythe.
You die...

#. #.# #.# ..
#.# #.#
#.#.#.###.#
#.........###
#.#.#.##....# #
#.##.##.#
#.##.##@#
#.##.##.#
#.##.##@#
#.##.##g#
#.##.##.#
#.##.# #.##.#
#.##.# #.##.#
##########.##.#
........##.##.#


You could see Sigmund (very poisoned) and a goblin.

Vanquished Creatures
  A dart slug (D:1)
  An endoplasm (D:1)
  3 hobgoblins (D:1)
  A kobold (D:1)
  A quokka (D:1)
  2 ball pythons (D:1)
9 creatures vanquished.

Notes
Turn   | Place    | Note
-------+----------+-------------------------------------------
     0 | D:1      | shoop the Djinni Venom Mage began the quest for the Orb.
     0 | D:1      | Reached XP level 1. HP: 15/15 MP: 0/0
   238 | D:1      | Reached XP level 2. HP: 13/21 MP: 0/0
   682 | D:1      | Found a faded altar of an unknown god.
   685 | D:1      | Became a worshipper of Zin the Law-Giver
   685 | D:1      | Reached * piety under Zin
   712 | D:1      | Reached skill level 3 in Spellcasting
   818 | D:2      | Noticed Sigmund
   837 | D:2      | Slain by Sigmund

Illustrated notes

Levels and vault maps discovered:
D:1:      minmay_arrival_wavy_path, layout_basic,
          shapermc_ecumenical_altar_mp_vishouse
D:2:      layout_basic, minmay_misc_feat_iff, grunt_ministairs_1, uniq_sigmund

Skill      XL: |  1  2 |
---------------+-------+-----
Spellcasting   | 3 |  3.0
Dodging        | |  2.1
Stealth        | |  1.5

Action                   || total
-------------------------++-------
Melee: Trident           ||     1
 Cast: Sting             ||    19
       Poisonous Vapours ||     4
Invok: Recite            ||     1
  Use: Potion            ||     1
Armor: Robe              ||     2
Dodge: Dodged            ||     9
